 Dungeon Crawl Stone Soup version 0.29-a0-25-g7f48f510a0 (webtiles) character file.

Game seed: 14175638098728085590

6757 oldriver the Warrior (level 11, -1/112 HPs)
             Began as a Hill Orc Gladiator on Feb 1, 2022.
             Was a Priest of Beogh.
             Killed by divine providence
             ... invoked by a meliai
              (15 damage)
             ... on level 10 of the Dungeon.
             The game lasted 00:24:23 (14558 turns).

oldriver the Warrior (Hill Orc Gladiator)          Turns: 14558, Time: 00:24:23

Health: -1/112     AC: 17    Str: 22    XL:     11   Next: 4%
Magic:  11/11      EV: 10    Int: 14    God:    Beogh [***...]
Gold:   275        SH:  8    Dex: 12    Spells: 10/10 levels left

rFire   . . .      SeeInvis .   J - +4 spear (chaos)
rCold   . . .      Faith    .   v - +0 kite shield
rNeg    . . .      Spirit   .   E - +3 swamp dragon scales
rPois   +          Reflect  .   c - +0 helmet
rElec   .          Harm     .   (no cloak)
rCorr   .          Rampage  .   G - +0 pair of gloves
Will    .....                   F - +0 pair of boots
Stlth   +.........              (no amulet)
HPRegen 0.28/turn               l - +4 ring of slaying
MPRegen 0.12/turn               q - +6 ring of intelligence

@: about to teleport
A: no striking features
a: Renounce Religion, Smiting


You were on level 10 of the Dungeon.
You worshipped Beogh.
Beogh was most pleased with you.
You visited 1 branch of the dungeon, and saw 11 of its levels.

You collected 473 gold pieces.
You spent 198 gold pieces at shops.

Inventory:

Hand Weapons
 a - a +1 trident of flaming
 b - a +0 hunting sling of freezing
 f - a +1 dagger of speed
 J - a +4 spear of chaos (weapon)
Missiles
 j - 70 sling bullets
 k - 29 poisoned darts (quivered)
 m - 249 stones
Armour
 c - a +0 helmet (worn)
 v - a +0 kite shield (worn)
 E - +3 swamp dragon scales (worn)
 F - a +0 pair of boots (worn)
 G - a +0 pair of gloves (worn)
Jewellery
 l - a +4 ring of slaying (left hand)
 q - a +6 ring of intelligence (right hand)
 u - a ring of fire
 N - an amulet of guardian spirit
Wands
 p - a wand of digging (6)
 t - a wand of flame (18)
 O - a wand of paralysis (14)
Scrolls
 d - 3 scrolls of fog
 h - 2 scrolls of vulnerability
 o - 3 scrolls of magic mapping
 s - 2 scrolls of torment {unknown}
 x - a scroll of teleportation
 y - a scroll of silence {unknown}
 A - a scroll of identify
 B - a scroll of blinking {unknown}
 I - 2 scrolls of enchant weapon
 K - a scroll of acquirement {unknown}
 L - a scroll of enchant armour
 M - a scroll of brand weapon
Potions
 e - 2 potions of lignification
 g - 2 potions of resistance
 i - 4 potions of curing
 n - 3 potions of ambrosia
 r - 3 potions of degeneration
 w - a potion of invisibility
 z - a potion of attraction {unknown}
 C - 2 potions of magic {unknown}
 D - a potion of haste {unknown}
 H - a potion of flight {unknown}
 P - 2 potions of mutation {unknown}


   Skills:
 - Level 15.0 Fighting
 + Level 5.3 Polearms
 - Level 3.0 Throwing
 + Level 9.2 Armour
 - Level 3.0 Dodging
 + Level 4.0 Shields


You had 10 spell levels left.
You didn't know any spells.
Your spell library contained the following spells:

 Spells                   Type           Power      Damage    Failure   Level
 Apportation              Tloc           0%         N/A       78%         1
 Summon Small Mammal      Summ           0%         N/A       78%         1
 Ensorcelled Hibernation  Hex/Ice        0%         N/A       89%         2
 Passwall                 Tmut/Erth      0%         N/A       89%         2
 Static Discharge         Conj/Air       0%         N/A       89%         2
 Call Canine Familiar     Summ           0%         N/A       98%         3
 Summon Guardian Golem    Hex/Summ       0%         N/A       98%         3
 Swiftness                Air            0%         N/A       98%         3
 Dispel Undead            Necr           0%         3d6       100%        4
 Fulminant Prism          Conj/Hex       0%         3d6       100%        4
 Iskenderun's Mystic Bla  Conj/Tloc      0%         2d3       100%        4
 Sticky Flame             Conj/Fire      0%         2d3       100%        4
 Alistair's Intoxication  Tmut/Pois      0%         N/A       100%        5
 Lee's Rapid Deconstruct  Erth           0%         3d5*      100%        5


Dungeon Overview and Level Annotations

Branches:
Dungeon (11/15)            Temple (0/1) D:7             Orc (0/2) D:10
   Lair: D:8-11

Altars:
Hepliaklqana
Kikubaaqudgha
Okawaru
Uskayaw
Wu Jian
Yredelemnul

Shops:
D:8 [*

Annotations:
D:10 Nergalle


Message History

The meliai barely misses you. The orc hits you with a +0 flail.
You closely miss the meliai.
The meliai is heavily wounded.
You block the meliai's attack. The meliai barely misses you.
You block the meliai's attack. The meliai completely misses you.
The meliai hits you but does no damage. The meliai barely misses you.
The meliai hits you with a +0 broad axe!
The meliai stings you but does no damage.
The orc misses you.
You hit the meliai but do no damage. You drain the meliai.
The meliai is severely wounded.
You block the meliai's attack. x2; The meliai hits you but does no damage.
The meliai closely misses you. x2; The meliai barely misses you.
The meliai hits you with a +0 broad axe.
The meliai stings you but does no damage.
The orc barely misses you.
You barely miss the meliai.
The meliai is severely wounded.
The meliai hits you with a +0 war axe! The meliai barely misses you.
You block the meliai's attack. The meliai barely misses you.
The meliai hits you with a +0 war axe!
* * * LOW HITPOINT WARNING * * *
The meliai stings you but does no damage.
The meliai barely misses you. You block the meliai's attack.
The orc completely misses you.
As you read the scroll of teleportation, it crumbles to dust.
You feel strangely unstable.
The meliai mumbles some strange prayers to its god against you.
Something smites you!
* * * LOW HITPOINT WARNING * * *
The meliai hits you but does no damage. You block the meliai's attack.
The meliai hits you but does no damage. The meliai barely misses you. x2
The meliai stings you.
* * * LOW HITPOINT WARNING * * *
The orc closely misses you.
You feel better. The meliai barely misses you.
The meliai stings you but does no damage.
The meliai mumbles some strange prayers to its god against you.
Something smites you!
You die...

............................'....
....)...............[..##...#)...
#..).......>...........##...#....
#..........................###'##
.......)...................# #.##
......................##...# #...
...รท.)................##...#
###. ...............oy..........#
####
................@y##.......###...
............##....##.......#.'...
............##...............#...
...........................###...
....###.########.....####### #...
##### #.# ####'## #... #.# #.#
#... #.# #.# #### #.# ##.# #.


You could see 2 meliai and an orc.

Vanquished Creatures
  A two-headed ogre (D:11)
  An unseen horror (D:10)
  Maggie (D:7)
  A troll (D:10)
  A meliai (D:10)
  Prince Ribbit (D:7)
  A wraith (D:7)
  A wyvern (D:8)
  4 steam dragons
  A warg (D:10)
  3 water moccasins
  Duvessa (D:7)
  2 orc warriors
  2 sky beasts (D:6)
  2 black bears
  A black bear (shapeshifter) (D:11)
  2 ogres
  4 centaurs
  2 kobold brigands
  6 bullfrogs
  A water moccasin zombie (D:5)
  A scorpion (D:7)
  Dowan (D:7)
  A water moccasin skeleton (D:7)
  3 wights (D:9)
  A howler monkey (D:4)
  2 vampire bats (D:3)
  5 hounds
  2 centaur zombies
  5 orc priests
  2 jellies
  2 centaur skeletons
  A bullfrog skeleton (D:5)
  An iguana (D:6)
  6 orc wizards
  Robin (D:1)
  3 gnolls (D:4)
  A howler monkey skeleton (D:6)
  2 howler monkey zombies
  8 adders
  A shadow imp (D:6)
  2 white imps (D:5)
  3 worms
  6 dart slugs
  31 orcs
  6 ball pythons
  17 bats
  4 endoplasms
  3 giant cockroaches
  14 goblins
  9 hobgoblins
  2 jackals (D:1)
  21 kobolds
  3 quokkas
  5 frilled lizards
  A quokka skeleton (D:4)
  7 rats
222 creatures vanquished.

Vanquished Creatures (others)
  A kobold demonologist (D:7)
  An orc priest (D:4)
  An orc (D:4)
3 creatures vanquished.

Grand Total: 225 creatures vanquished

Notes
Turn   | Place    | Note
-------+----------+-------------------------------------------
     0 | D:1      | oldriver the Hill Orc Gladiator began the quest for the
                  | Orb.
     0 | D:1      | Reached XP level 1. HP: 18/18 MP: 1/1
    79 | D:1      | Reached skill level 3 in Fighting
    83 | D:1      | Reached XP level 2. HP: 26/26 MP: 2/2
   384 | D:1      | Reached skill level 4 in Fighting
   578 | D:1      | Reached XP level 3. HP: 33/33 MP: 3/3
   937 | D:1      | Found a faded altar of an unknown god.
  1132 | D:2      | Noticed Robin
  1282 | D:1      | Killed Robin
  1283 | D:1      | Reached skill level 5 in Fighting
  1283 | D:1      | Reached XP level 4. HP: 18/42 MP: 4/4
  1483 | D:2      | Noticed an ogre
  2015 | D:2      | Reached XP level 5. HP: 48/48 MP: 5/5
  2600 | D:2      | Found an ancient bone altar of Kikubaaqudgha.
  3243 | D:3      | Reached skill level 6 in Fighting
  3259 | D:3      | Found a hide-covered altar of Uskayaw.
  3381 | D:3      | Reached XP level 6. HP: 58/58 MP: 6/6
  3406 | D:3      | Reached skill level 7 in Fighting
  4141 | D:4      | Became a worshipper of Beogh the Brigand
  4220 | D:4      | Noticed a black bear
  4244 | D:4      | Killed a black bear
  4245 | D:4      | Reached skill level 8 in Fighting
  4334 | D:4      | Reached XP level 7. HP: 64/69 MP: 7/7
  4717 | D:4      | Reached skill level 9 in Fighting
  4816 | D:5      | Entered Level 5 of the Dungeon
  4839 | D:5      | Reached * piety under Beogh
  4946 | D:5      | Reached skill level 10 in Fighting
  5110 | D:5      | Reached skill level 1 in Armour
  5110 | D:5      | Reached XP level 8. HP: 69/79 MP: 8/8
  6329 | D:6      | Reached skill level 11 in Fighting
  6906 | D:6      | Reached skill level 5 in Armour
  7075 | D:6      | Reached XP level 9. HP: 65/90 MP: 9/9
  7078 | D:6      | Reached skill level 12 in Fighting
  7344 | D:7      | Noticed Duvessa
  7344 | D:7      | Noticed Dowan
  7449 | D:7      | Noticed a kobold demonologist
  7476 | D:7      | Noticed a sun demon
  7481 | D:7      | Killed a kobold demonologist
  7748 | D:7      | Noticed Maggie
  8418 | D:7      | Killed Maggie
  8419 | D:7      | Reached skill level 13 in Fighting
  9052 | D:7      | Killed Duvessa
  9055 | D:7      | Killed Dowan
  9055 | D:7      | Reached ** piety under Beogh
  9563 | D:7      | Noticed Prince Ribbit
  9579 | D:7      | Killed Prince Ribbit
  9580 | D:7      | Reached XP level 10. HP: 99/102 MP: 10/10
  9681 | D:7      | Found a staircase to the Ecumenical Temple.
  9953 | D:8      | Found an ornate altar of the Wu Jian Council.
  9954 | D:8      | Found a basalt altar of Yredelemnul.
  9955 | D:8      | Found an iron altar of Okawaru.
  9956 | D:8      | Found a hazy altar of Hepliaklqana.
  9993 | D:8      | Found Gugy's Antique Armour Shoppe.
 10006 | D:8      | Reached skill level 14 in Fighting
 10664 | D:8      | Found Rotsaf's General Store.
 11284 | D:8      | Bought a kite shield for 99 gold pieces
 11284 | D:8      | Bought a pair of gloves for 99 gold pieces
 11983 | D:9      | Reached skill level 1 in Shields
 12810 | D:10     | Entered Level 10 of the Dungeon
 12980 | D:10     | Noticed Urug
 12983 | D:10     | Noticed Urug
 12983 | D:10     | Urug changed into Urug the troll
 12986 | D:10     | Killed Urug the troll
 13291 | D:10     | Reached *** piety under Beogh
 13371 | D:10     | Found a staircase to the Orcish Mines.
 13625 | D:10     | Killed an unseen horror
 14039 | D:10     | Noticed Nergalle
 14070 | D:11     | Noticed a boulder beetle
 14070 | D:11     | Noticed a two-headed ogre
 14088 | D:11     | Killed a two-headed ogre
 14089 | D:11     | Reached skill level 15 in Fighting
 14089 | D:11     | Reached skill level 5 in Polearms
 14089 | D:11     | Reached XP level 11. HP: 78/112 MP: 11/11
 14091 | D:11     | a boulder beetle changed into a shapeshifter
 14558 | D:10     | Killed from afar by a meliai

Illustrated notes

Levels and vault maps discovered:
D:1:      grunt_arrival_crossed_arrows, layout_basic,
          dreamdust_ecumenical_altar_hidden_monk_grotto
D:2:      layout_loops_ring, basic_altar, minmay_increasing_density, uniq_robin
D:3:      layout_basic, nicolae_uskayaw_suspiria, supply_closet_lemuel,
          roderic_batcave
D:4:      wad_river_or_something, layout_basic, hex_intersection
D:5:      layout_basic, kennysheep_windowed_goal
D:6:      layout_gridville
D:7:      layout_cave_pools, minmay_temple_entry_junction, uniq_duvessa,
          uniq_maggie, uniq_prince_ribbit1
D:8:      layout_loops_ring, mainiacjoe_overflow_alcove_3, serial_shops,
          nicolae_inconvenience_store, kennysheep_little_box, hex_medium,
          chequers_serial_rivers_micro_a
D:9:      layout_basic, grunt_ministairs_14
D:10:     layout_roguey, nicolae_dithmenos_through_a_glass_darkly, erik_orc_4,
          chequers_serial_rivers_micro_e, uniq_nergalle, uniq_urug
D:11:     layout_basic, erik_lair_island, dk_noncrumbling_3

Skill      XL: |  1  2  3  4  5  6  7  8  9 10 11 |
---------------+----------------------------------+-----
Fighting       | 3 4 5 6 8 10 11 13 15 | 15.0
Throwing       | 2 3 |  3.0
Armour         | 1 5 7 9 |  9.2
Shields        | 3 4 |  4.0
Dodging        | 3 |  3.0
Polearms       | 5 |  5.3

Action                   |  1- 3 |  4- 6 |  7- 9 | 10-12 || total
-------------------------+-------+-------+-------+-------++-------
Melee: Trident           |   122 |    94 |   173 |    83 ||   472
       Punch             |       |     2 |     1 |     1 ||     4
       Hunting sling     |       |       |     1 |       ||     1
       Spear             |       |       |       |   121 ||   121
 Fire: Hunting sling     |       |    82 |   112 |     6 ||   200
Throw: Dart              |       |    11 |    39 |    12 ||    62
       Throwing net      |       |     4 |       |       ||     4
Invok: Convert to Beogh  |       |     1 |       |       ||     1
  Use: Scroll            |       |     4 |    10 |     6 ||    20
       Potion            |       |       |     2 |     1 ||     3
 Stab: Sleeping          |     1 |       |       |       ||     1
Armor: Leather armour    |    35 |    37 |    16 |    11 ||    99
       Scale mail        |       |     2 |    64 |       ||    66
       Swamp dragon scal |       |       |       |   101 ||   101
Dodge: Dodged            |    63 |    71 |   111 |   105 ||   350
Block: Kite shield       |       |       |       |    67 ||    67

Table legend: (Time is in decaauts)
 A = Elapsed time spent in this place.
 B = Non-inter-level travel time spent in this place.
 C = Inter-level travel time spent in this place.
 D = Time resting spent in this place.
 E = Time spent auto-exploring this place.
 F = Levels seen in this place.
 G = Mean time per level.
                   A        B        C        D        E       F      G
               +--------+--------+--------+--------+--------+-----+--------+
         Total |  14688 |  13336 |   1352 |   2763 |   8175 |  11 | 1335.3 |
       Dungeon |  14688 |  13336 |   1352 |   2763 |   8175 |  11 | 1335.3 |
               +--------+--------+--------+--------+--------+-----+--------+

Top non-repeatable levels by time:
     D:6: 1798 daAuts
     D:1: 1692 daAuts
     D:7: 1604 daAuts
     D:4: 1546 daAuts
     D:2: 1484 daAuts
    D:10: 1443 daAuts
     D:9: 1369 daAuts
     D:8: 1288 daAuts
     D:5: 1107 daAuts
     D:3: 1043 daAuts
    D:11: 310 daAuts
